cohdb
Replays
Latest Replays
All Replays
Popular Replays
Top Player Replays
Match Explorer
How It Works
Community
CoH3 Stats
Reddit
Sign in to upload your games and track your stats! →
Sign in with Steam
Match 42638649
Unlisted
Match 42638649
Overview
Messages
Build Orders
End
Construct Infanterie Kompanie
Selects Terror Battlegroup
Selects Machine Gun Camouflage
MG 42 Machine Gun Team
MG 42 Machine Gun Team
Grenadier Squad
Infanterie Officer Quarters
Grenadier Squad
Medical Bunker
GrW 34 Mortar Team
Construct Panzergrenadier Kompanie
Selects Interrogate
251 Medium Carrier
Cpt Racks
CommieRed
Thank You Chef
1984kimki
Badam
爷爷兵法
0
0
Comments
sign in to comment!
No comments posted yet!